 Dungeon Crawl Stone Soup version 0.28.0-43-g3370ac3207 (webtiles) character file.

Game seed: 4756884808209700794

349338 adizb the Executioner (level 21, -7/206 HPs)
             Began as a Deep Dwarf Berserker on Mar 17, 2022.
             Was an Elder of Trog.
             Mangled by a rockslime (24 damage)
             ... created by the Royal Jelly
             ... on level 5 of the Pits of Slime.
             The game lasted 03:24:27 (25816 turns).

adizb the Executioner (Deep Dwarf Berserker)       Turns: 25816, Time: 03:24:28

Health: -7/206     AC: 22    Str: 27 (29) XL:     21   Next: 25%
Magic:  0/9        EV: 15    Int: 13      God:    Trog [****..]
Gold:   2074       SH:  5    Dex: 15 (16) Spells: 20/20 levels left

rFire   . . .      SeeInvis .   e - +2 battleaxe (vamp)
rCold   . . .      Faith    .   (shield currently unavailable)
rNeg    + . .      Spirit   .   r - +7 plate armour {Will+}
rPois   +          Reflect  +   v - +2 helmet
rElec   .          Harm     .   Q - +1 cloak "Fakis" {Fly}
rCorr   +          Rampage  ∞   H - +2 pair of gloves
Will    ++++.                   Y - +3 pair of seven-league boots {Rampage+∞}
Stlth   ..........              B - amulet of reflection
HPRegen 0.00/turn               i - ring of Eternal Harmony {Drain rPois Int+2 Dex+4 Slay+4}
MPRegen 0.11/turn               l - ring of resist corrosion

@: about to teleport, corroded, flying
A: damage resistance, heal wounds, negative energy resistance 1, sense
surroundings 3, no regeneration, deterioration 1
}: 2/15 runes: barnacled, gossamer
a: Heal Wounds, Renounce Religion, Berserk, Trog's Hand, Brothers in Arms


You were on level 5 of the Pits of Slime.
You worshipped Trog.
Trog was greatly pleased with you.
You visited 7 branches of the dungeon, and saw 39 of its levels.
You visited 1 bazaar.
You also visited: Sewer and Ice Cave.

You collected 4627 gold pieces.
You spent 2553 gold pieces at shops.

Inventory:

Hand Weapons
 e - a +2 vampiric battleaxe (weapon)
 k - a +3 battleaxe of flaming
 I - a +4 spectral executioner's axe
 W - a +5 executioner's axe
 Z - a +0 antimagic battleaxe
Missiles
 P - 3 throwing nets
Armour
 r - a +7 plate armour of willpower (worn)
 v - a +2 helmet (worn)
 H - a +2 pair of gloves (worn)
 O - a +3 crystal plate armour of cold resistance
 Q - the +1 cloak "Fakis" (worn) {Fly}
   (You acquired it on level 5 of the Lair of Beasts)

   Fly:       It grants you flight.
 X - the +2 scale mail "Naclur" {rElec rF+ Str+4}
   (You found it on level 2 of the Spider Nest)

   Str:       It affects your strength (+4).
   rF:        It protects you from fire.
   rElec:     It insulates you from electricity.
 Y - the +3 pair of seven-league boots (worn) {Rampage+∞}
   (You found it in an ice cave)

   Its wearer moves as far as possible in that direction when moving towards
   enemies.
Jewellery
 i - the ring of Eternal Harmony (left hand) {Drain rPois Int+2 Dex+4 Slay+4}
   (You took it off a deep elf pyromancer on level 1 of the Elven Halls)

   [ring of slaying]

   Int:       It affects your intelligence (+2).
   Dex:       It affects your dexterity (+4).
   Slay:      It affects your accuracy & damage with ranged weapons and melee
   (+4).
   rPois:     It protects you from poison.
   Drain:     It drains your maximum health when unequipped.
 l - a ring of resist corrosion (right hand)
 p - a ring of protection from fire
 z - the ring "Jankamiu" {Ice Contam Will+++ Dex+3}
   (You found it in an ice cave)

   [ring of ice]

   It enhances your ice magic.
   Dex:       It affects your dexterity (+3).
   rF:        It makes you vulnerable to fire.
   rC:        It protects you from cold.
   Contam:    It causes magical contamination when unequipped.
   Will:      It greatly increases your willpower.
 B - an amulet of reflection (around neck)
 C - the ring of Undoing {rC+ Str+2 SInv}
   (You bought it in a shop on level 6 of the Dungeon)

   [ring of see invisible]

   Str:       It affects your strength (+2).
   rC:        It protects you from cold.
   SInv:      It lets you see invisible.
 N - the amulet "Juqogg" {rElec rF+ Will+ Regen+ Str+4}
   (You took it off a deep elf annihilator on level 3 of the Elven Halls)

   [amulet of regeneration]

   Str:       It affects your strength (+4).
   rF:        It protects you from fire.
   rElec:     It insulates you from electricity.
   Regen:     It increases your rate of health regeneration.
   Will:      It increases your willpower.
 S - the amulet of Ziuroo {Faith *Slow rC+ rCorr}
   (You found it on level 5 of the Lair of Beasts)

   [amulet of faith]

   It allows you to gain divine favour quickly.
   rC:        It protects you from cold.
   rCorr:     It protects you from acid and corrosion.
   *Slow:     It may slow you when you take damage.
Wands
 h - a wand of paralysis (15)
 t - a wand of mindburst (8)
 A - a wand of iceblast (16) (quivered)
 D - a wand of acid (23)
 E - a wand of flame (11)
 K - a wand of digging (2)
 R - a wand of polymorph (12)
 V - a wand of charming (10)
Scrolls
 b - 5 scrolls of fog
 g - 6 scrolls of fear
 o - 12 scrolls of teleportation
 u - 8 scrolls of magic mapping
 y - a scroll of holy word
 F - 2 scrolls of silence
Potions
 a - a potion of resistance
 d - a potion of heal wounds
 m - 15 potions of curing
 n - a potion of cancellation
 s - a potion of mutation
 w - a potion of invisibility
 G - a potion of magic
 J - 10 potions of haste
 T - 4 potions of ambrosia
Miscellaneous
 c - a tin of tremorstones (2/2)
 x - a phial of floods
 L - a phantom mirror (inert)
 M - a box of beasts (inert)
 U - a condenser vane (inert)


   Skills:
 * Level 16.4 Fighting
 * Level 25.7 Axes
 * Level 21.6 Armour
 + Level 13.9 Dodging
 + Level 16.0 Evocations


You had 20 spell levels left.
You didn't know any spells.
Your spell library was empty.

Dungeon Overview and Level Annotations

Branches:
Dungeon (15/15)            Temple (0/1) D:5            Lair (6/6) D:11
 Shoals (4/4) Lair:2       Spider (4/4) Lair:4        Slime (5/5) Lair:5
    Orc (2/2) D:9             Elf (3/3) Orc:2        Vaults (0/5) D:13
 Depths (0/4) D:15          Sewer (visited)           IceCv (visited)

Altars:
Okawaru
Sif Muna
Trog
Beogh
Jiyva

Shops:
D:5 :   D:6 [(=*   D:7 *   D:9 [   D:15 *[!   Orc:2 *([:   Shoals:2 [

Portals:
Trove: D:11 (give +3 shadow dragon scales)

Annotations:
D:6 2 transporters, Lobster4's ghost, novice HuWn
Slime:5 Royal Jelly


Innate Abilities, Weirdness & Mutations

You are resistant to damage.
You can heal yourself by infusing magical energy.
You resist negative energy. (rN+)
You passively map a large area around you.
You do not regenerate.
Your body sometimes deteriorates upon taking damage.


Message History

You gasp with relief as air once again reaches your lungs.
Your skin stops crawling.
You feel less strong-willed.
The quicksilver ooze hits your two-headed ogre!!
Your two-headed ogre dies!
Your two-headed ogre's corpse disappears in a puff of smoke!
The rockslime hits you but does no damage.
You block the rockslime's attack.
There is a stone staircase leading up here.
The rockslime closely misses you. The rockslime hits you!!
* * * LOW HITPOINT WARNING * * *
You are shoved backwards!
You stop ascending the stairs.
The rockslime hits you!!
* * * LOW HITPOINT WARNING * * *
You are shoved backwards!
You feel much better. The rockslime hits you!!
* * * LOW HITPOINT WARNING * * *
You are shoved backwards!
You feel much better.
You are splashed with acid!
* * * LOW HITPOINT WARNING * * *
The Royal Jelly jiggles.
The rockslime closely misses you.
As you read the scroll of teleportation, it crumbles to dust.
You feel strangely unstable.
You are splashed with acid!
* * * LOW HITPOINT WARNING * * *
The rockslime hits you but does no damage.
You block the rockslime's attack.
You feel much better.
You are splashed with acid!!
* * * LOW HITPOINT WARNING * * *
The rockslime completely misses you.
The rockslime hits you but does no damage.
The rockslime hits you.
You hold your ground!
The quicksilver ooze misses you. The quicksilver ooze hits you!
* * * LOW HITPOINT WARNING * * *
You feel your power leaking away.
You feel much better.
You are splashed with acid!
* * * LOW HITPOINT WARNING * * *
The rockslime hits you!!
* * * LOW HITPOINT WARNING * * *
You hold your ground!
The rockslime hits you!!
You die...

#### #..###### ####...#JJ@### ###
##.....#..JJJ.## ..#
##..........J...########
..###........<........#.#..##
............................#
............................##
.............................##
..............§...............###
................................#


You could see the Royal Jelly, an azure jelly, 3 rockslimes and a quicksilver
ooze.

Vanquished Creatures
  Rupert (Spider:1)
  Jorgrun (Shoals:2)
  A lich (IceCv)
  Mlioglotl (Spider:4)
  2 deep elf blademasters (Elf:3)
  2 deep elf master archers (Elf:3)
  18 acid blobs
  A sphinx (Shoals:4)
  Agnes (Spider:4)
  The ghost of Honosyedgha the Warrior, an adept GrBe of Trog (Spider:2)
  2 azure jellies (Slime:5)
  6 rockslimes
  Donald (Shoals:1)
  4 emperor scorpions
  2 ghost moths (Spider:4)
  2 deep elf sorcerers (Elf:3)
  An orc warlord (D:9)
  2 deep elf elementalists (Elf:3)
  A quicksilver ooze (Slime:5)
  A very ugly thing (IceCv)
  2 broodmothers
  A caustic shrike skeleton (D:15)
  6 deep elf demonologists
  Azrael (Elf:1)
  2 entropy weavers
  6 deep elf annihilators (Elf:3)
  2 minotaurs (Shoals:4)
  4 spark wasps
  The ghost of sizableburger the Nimble, a journeyman DjHu of Zin (Lair:5)
  4 merfolk javelineers
  4 deep elf death magi (Elf:3)
  Josephine (D:14)
  The ghost of Jingleheimer the Grappler, a journeyman TrMo (Lair:3)
  4 merfolk impalers
  2 fire dragons (D:15)
  2 deep elf high priests (Elf:3)
  6 great orbs of eyes
  An ogre mage (D:15)
  8 boulder beetles
  7 hydras
  3 merfolk avatars
  A caustic shrike simulacrum (IceCv)
  6 centaur warriors
  3 catoblepae
  A jorogumo (Spider:4)
  A merfolk aquamancer (Shoals:3)
  11 satyrs
  A tengu warrior (D:14)
  6 death scarabs (Spider:4)
  9 two-headed ogres
  31 dancing weapons
  An orc high priest (Orc:2)
  A vampire mage (D:15)
  3 death yaks (Lair:5)
  Sonja (Orc:1)
  Urug (D:13)
  13 spriggans (Lair:6)
  A fire crab (shapeshifter) (Elf:3)
  2 sun moths
  16 deep elf knights
  9 sea snakes
  8 pharaoh ants
  8 skeletal warriors
  6 steelbarb worms
  5 orb spiders
  11 deep elf archers
  4 bog bodies (IceCv)
  An orange crystal statue (D:13)
  A spriggan simulacrum (IceCv)
  An obsidian statue (IceCv)
  5 orc knights
  35 deep elf pyromancers
  13 harpies
  32 deep elf zephyrmancers
  A spectral wolf spider (Spider:4)
  2 necromancers
  An ugly thing (D:10)
  4 shining eyes
  2 broodmother zombies (Spider:4)
  7 orc sorcerers
  16 wolf spiders
  5 cyclopes
  17 manticores
  19 fauns
  A salamander (shapeshifter) (Elf:1)
  A centaur zombie (D:7)
  3 moths of wrath
  4 eyes of devastation
  9 merfolk sirens
  7 elephants (Lair:5)
  7 water nymphs
  5 black mambas
  Maurice (D:8)
  5 torpor snails
  3 gargoyles
  3 spectral redbacks (Spider:4)
  17 cane toads
  An efreet (D:13)
  8 demonic crawlers
  3 rime drakes
  A redback zombie (Spider:4)
  12 freezing wraiths (IceCv)
  2 anaconda simulacra (IceCv)
  An ice devil (IceCv)
  5 komodo dragons
  2 tengu conjurers (D:14)
  2 entropy weaver simulacra (IceCv)
  7 trolls
  19 merfolk
  3 polar bears
  5 meliai (Spider:4)
  3 spectral jumping spiders (Spider:4)
  5 wind drakes
  A golden dragon simulacrum (IceCv)
  3 hornets (Lair:6)
  4 spectral culicivoras (Spider:4)
  A culicivora zombie (Spider:4)
  51 slime creatures
  31 tarantellas
  A jumping spider zombie (Spider:4)
  5 spectral tarantellas (Spider:4)
  A spriggan zombie (D:15)
  19 dream sheep
  21 blink frogs
  8 snapping turtles
  17 jumping spiders
  2 spriggan skeletons (D:15)
  A shadow (D:12)
  An air elemental (Elf:2)
  24 culicivoras
  7 wraiths
  2 dire elephant simulacra (IceCv)
  5 basilisks
  8 water elementals
  4 fire elementals
  3 fire bats (Lair:1)
  4 golden eyes (Slime:3)
  20 humans
  37 yaks
  43 redbacks
  5 vampire mosquitoes
  4 wyverns
  2 minotaur simulacra (IceCv)
  Grum (Lair:1)
  3 steam dragons
  5 wargs
  Menkaure (D:6)
  4 harpy simulacra (IceCv)
  5 acid dragons
  A hydra simulacrum (IceCv)
  16 water moccasins
  6 hell hounds (Elf:1)
  3 alligator simulacra (IceCv)
  27 orc warriors
  A sky beast (D:7)
  2 ice beasts
  5 boggarts (Lair:6)
  10 black bears
  3 ettin simulacra (IceCv)
  11 ogres
  23 centaurs
  33 wolves
  A kobold brigand (Sewer)
  15 bullfrogs
  3 gnoll sergeants
  2 earth elementals (Elf:1)
  3 scorpions
  8 killer bees
  A water moccasin skeleton (D:5)
  8 lindwurm simulacra (IceCv)
  8 wights
  2 electric eels
  6 howler monkeys
  6 lava snakes
  20 orc priests
  A bullfrog zombie (D:6)
  4 hounds
  2 centaur skeletons
  6 iguanas
  Jessica (D:2)
  22 orc wizards
  6 hell rats (Lair:3)
  A scorpion zombie (D:5)
  A hound zombie (D:5)
  A hound skeleton (D:3)
  2 howler monkey zombies
  18 gnolls
  7 adders
  6 river rats (Sewer)
  An ufetubus (D:3)
  A worm (D:4)
  6 dart slugs
  67 orcs
  6 endoplasms
  5 giant cockroaches
  6 goblins
  7 hobgoblins
  5 jackals
  13 kobolds
  2 quokkas
  12 ball pythons
  4 bats
  6 frilled lizards
  11 rats
  A butterfly (Lair:4)
  A withered plant (D:15)
1396 creatures vanquished.

Vanquished Creatures (collateral kills)
  Dissolution (Slime:3)
  Mara (Shoals:4)
  Arachne (Spider:4)
  3 acid blobs (Slime:5)
  A sphinx (Shoals:4)
  Roxanne (Shoals:1)
  3 azure jellies (Slime:5)
  4 rockslimes
  An orc warlord (Orc:2)
  A deep elf sorcerer (Elf:3)
  A deep elf elementalist (Elf:3)
  A deep elf death mage (Elf:3)
  A merfolk impaler (Shoals:2)
  A boulder beetle (Spider:4)
  A wolf spider (Spider:4)
  A shining eye (Slime:3)
  3 fauns (Shoals:1)
  A merfolk siren (Shoals:1)
  A demonic crawler (Spider:4)
  4 merfolk
  A meliai (Spider:4)
  4 slime creatures (Slime:3)
  A dream sheep (Shoals:1)
  A culicivora (Spider:4)
  2 jumping spiders (Spider:4)
  A golden eye (Slime:3)
42 creatures vanquished.

Vanquished Creatures (others)
  Nikola (Elf:3)
  A deep elf sorcerer (Elf:3)
  A deep elf elementalist (Elf:3)
  A ghost moth (Spider:1)
  A deep elf annihilator (Elf:3)
  2 deep elf knights (Elf:2)
  2 deep elf pyromancers
  A slime creature (Slime:4)
  2 water elementals (Elf:1)
  39 fungi
  104 plants
  9 withered plants (D:15)
164 creatures vanquished.

Grand Total: 1602 creatures vanquished

Notes
Turn   | Place    | Note
-------+----------+-------------------------------------------
     0 | D:1      | adizb the Deep Dwarf Berserker began the quest for the Orb.
     0 | D:1      | Reached XP level 1. HP: 20/20 MP: 1/1
    78 | D:1      | Reached XP level 2. HP: 17/27 MP: 2/2
   419 | D:1      | Reached skill level 4 in Axes
   419 | D:1      | Reached XP level 3. HP: 27/34 MP: 3/3
   855 | D:2      | Noticed Jessica
   870 | D:2      | Killed Jessica
  1002 | D:2      | Found an iron altar of Okawaru.
  1280 | D:2      | Reached XP level 4. HP: 39/42 MP: 4/4
  1575 | D:3      | Reached ** piety under Trog
  1694 | D:3      | Noticed a centaur
  1702 | D:3      | Killed a centaur
  1703 | D:3      | Reached skill level 5 in Axes
  1703 | D:3      | Reached XP level 5. HP: 32/49 MP: 5/5
  1796 | D:3      | Found the +8 woodcutter's axe {vorpal}
  1806 | D:3      | Reached XP level 6. HP: 57/57 MP: 0/5
  2024 | D:4      | Reached skill level 6 in Axes
  2146 | D:4      | Reached XP level 7. HP: 48/66 MP: 6/6
  2221 | D:4      | Found a glowing drain.
  2241 | Sewer    | Entered a sewer
  2276 | Sewer    | Reached *** piety under Trog
  2377 | Sewer    | Reached skill level 7 in Axes
  2822 | D:4      | Reached skill level 5 in Armour
  3021 | D:5      | Entered Level 5 of the Dungeon
  3168 | D:5      | Reached skill level 5 in Fighting
  3189 | D:5      | Found Ewkaclig's Book Shop.
  3233 | D:5      | Reached XP level 8. HP: 52/74 MP: 7/7
  3279 | D:5      | Reached skill level 8 in Axes
  3345 | D:5      | Found a staircase to the Ecumenical Temple.
  3526 | D:6      | Noticed Menkaure
  3528 | D:6      | Found Matwium's Armour Emporium.
  3533 | D:6      | Killed Menkaure
  3534 | D:6      | Reached skill level 9 in Axes
  3550 | D:6      | Found Woydaon's Jewellery Shoppe.
  3680 | D:6      | Found a transporter.
  3683 | D:6      | Found a transporter.
  3683 | D:6      | Noticed Lobster4's ghost (novice HuWn)
  3746 | D:6      | Noticed a cyclops
  3931 | D:6      | Found a bloodstained altar of Trog.
  3971 | D:6      | Gained mutation: You passively map the area around you.
                  | [Deep Dwarf growth]
  3971 | D:6      | Reached XP level 9. HP: 80/82 MP: 8/8
  4061 | D:6      | Found Asaipibb's Antique Weapon Shoppe.
  4087 | D:6      | Reached **** piety under Trog
  4126 | D:6      | Reached skill level 10 in Axes
  4195 | D:6      | Found Sified's Assorted Antiques.
  4379 | D:6      | Bought the ring of Undoing {rC+ Str+2 SInv} for 365 gold
                  | pieces
  4565 | D:7      | Reached skill level 11 in Axes
  4715 | D:7      | Found Ylukug's General Store.
  4791 | D:7      | Reached skill level 5 in Dodging
  4930 | D:8      | Reached XP level 10. HP: 62/88 MP: 9/9
  5170 | D:8      | Noticed Maurice
  5180 | D:8      | Killed Maurice
  5193 | D:8      | Noticed a two-headed ogre
  5204 | D:8      | Killed a two-headed ogre
  5834 | D:9      | Found a staircase to the Orcish Mines.
  5849 | D:9      | Reached skill level 12 in Axes
  5849 | D:9      | Found Lekhu's Armour Boutique.
  6090 | D:9      | Noticed a two-headed ogre
  6098 | D:9      | Killed a two-headed ogre
  6184 | D:9      | Identified the +10 quarterstaff of Incongruity {freeze,
                  | rPois Int+4 Dex+5}
  6457 | D:9      | You fall into a shaft and drop 1 floor!
  6457 | D:10     | Entered Level 10 of the Dungeon
  6873 | D:10     | Reached XP level 11. HP: 103/103 MP: 10/10
  7187 | D:10     | Noticed a deep elf pyromancer
  7193 | D:10     | Noticed a brown ugly thing
  7205 | D:10     | Killed a brown ugly thing
  7206 | D:10     | Reached skill level 13 in Axes
  7211 | D:10     | Killed a deep elf pyromancer
  7281 | D:11     | Noticed a two-headed ogre
  7289 | D:11     | Killed a two-headed ogre
  7326 | D:11     | Noticed a two-headed ogre
  7336 | D:11     | Killed a two-headed ogre
  7574 | D:11     | Noticed a two-headed ogre
  7584 | D:11     | Killed a two-headed ogre
  7585 | D:11     | Found a staircase to the Lair.
  7736 | D:11     | Found a portal to a secret trove of treasure.
  8049 | D:12     | Reached skill level 10 in Armour
  8071 | D:12     | Reached skill level 14 in Axes
  8129 | D:12     | Noticed a six-headed hydra
  8149 | D:12     | Killed an 11-headed hydra
  8338 | D:12     | Noticed a boulder beetle
  8366 | D:12     | Reached XP level 12. HP: 53/112 MP: 9/9
  8372 | D:12     | Killed a boulder beetle
  8456 | D:12     | Noticed a boulder beetle
  8490 | D:12     | Killed a boulder beetle
  8493 | D:12     | Noticed an eight-headed hydra
  8698 | D:12     | Killed a 16-headed hydra
  8825 | Lair:1   | Entered Level 1 of the Lair of Beasts
  8863 | Lair:1   | Reached skill level 15 in Axes
  9208 | Lair:1   | Noticed Grum
  9216 | Lair:1   | Killed Grum
  9741 | Lair:2   | Found a staircase to the Shoals.
 10071 | Lair:3   | Reached XP level 13. HP: 109/121 MP: 9/9
 10080 | Lair:3   | Reached skill level 10 in Fighting
 10087 | Lair:3   | Found a runed translucent door.
 10088 | Lair:3   | Noticed Jingleheimer's ghost (journeyman TrMo)
 10124 | Lair:3   | Reached skill level 16 in Axes
 10142 | Lair:3   | Killed Jingleheimer's ghost
 10143 | Lair:3   | Reached skill level 10 in Dodging
 10890 | Lair:4   | You fall into a shaft and drop 1 floor!
 10890 | Lair:5   | Found a transporter.
 10890 | Lair:5   | Found a transporter.
 10904 | Lair:5   | Identified the +1 plate armour of Egourol {rPois Str-3
                  | Int-2 Slay+4}
 10978 | Lair:5   | Noticed sizableburger's ghost (journeyman DjHu)
 11052 | Lair:5   | Killed sizableburger's ghost
 11157 | Lair:5   | Reached skill level 17 in Axes
 11163 | Lair:5   | Found a staircase to the Slime Pits.
 11395 | Lair:5   | Identified the amulet of Ziuroo {Faith *Slow rC+ rCorr}
 11402 | Lair:5   | Gained mutation: You resist negative energy. (rN+) [Deep
                  | Dwarf growth]
 11402 | Lair:5   | Reached XP level 14. HP: 60/133 MP: 10/10
 11468 | Lair:5   | Identified the +6 quarterstaff "Eceub" {pain, Dex+2}
 11505 | Lair:5   | Identified a scroll of acquirement
 11505 | Lair:5   | Acquired the +1 cloak "Fakis" {Fly}
 11560 | Lair:5   | Found a viscous altar of Jiyva.
 11581 | Lair:6   | Entered Level 6 of the Lair of Beasts
 11729 | Lair:6   | Reached skill level 1 in Evocations
 11849 | Lair:6   | Paralysed by a hornet for 3 turns
 12162 | Lair:6   | Identified the +9 spear of Light {vorpal, rCorr}
 12675 | Lair:4   | Found a hole to the Spider Nest.
 12687 | Lair:4   | Reached skill level 18 in Axes
 12900 | Orc:1    | Entered Level 1 of the Orcish Mines
 12900 | Orc:1    | Noticed Sonja
 12914 | Orc:1    | Killed Sonja
 12950 | Orc:1    | Noticed an orc warlord
 13066 | D:13     | Noticed Urug
 13066 | D:13     | Found a gate to the Vaults.
 13079 | D:13     | Killed Urug
 13154 | D:13     | Reached skill level 5 in Evocations
 13621 | D:14     | Noticed Josephine
 13625 | D:14     | Reached XP level 15. HP: 111/139 MP: 9/9
 13631 | D:14     | Reached skill level 15 in Armour
 13631 | D:14     | Killed Josephine
 13990 | D:15     | Entered Level 15 of the Dungeon
 13990 | D:15     | Found Qailanof's Distillery.
 14198 | D:9      | Killed an orc warlord
 14463 | Orc:2    | Entered Level 2 of the Orcish Mines
 14474 | Orc:2    | Reached ***** piety under Trog
 14482 | Orc:2    | Found a staircase to the Elven Halls.
 14657 | Orc:2    | Noticed an orc warlord
 14673 | Orc:2    | Killed an orc warlord
 14731 | Orc:2    | Reached skill level 19 in Axes
 14783 | Orc:2    | Found Foavaut's General Store.
 14811 | Orc:2    | Bought a scroll of blinking for 112 gold pieces
 14811 | Orc:2    | Bought a scroll of identify for 30 gold pieces
 14820 | Orc:2    | Found Liluo's Antique Armour Shoppe.
 14836 | Orc:2    | Bought a runed plate armour for 676 gold pieces
 14965 | Orc:2    | Found Hamaloc's Book Shoppe.
 14972 | Orc:2    | Bought a manual of Axes for 800 gold pieces
 14980 | Orc:2    | Found Plog's Antique Weapon Shoppe.
 15435 | D:15     | Found Ifupha's Antique Armour Emporium.
 15649 | D:15     | Received a gift from Trog
 15698 | D:15     | Found Okliec's Assorted Antiques.
 15749 | D:15     | Found a staircase to the Depths.
 16070 | Shoals:1 | Entered Level 1 of the Shoals
 16119 | Shoals:1 | Reached skill level 20 in Axes
 16274 | Shoals:1 | Noticed Donald
 16284 | Shoals:1 | Killed Donald
 16306 | Shoals:1 | Reached XP level 16. HP: 88/152 MP: 9/9
 16319 | Shoals:1 | Found a frozen archway.
 16345 | IceCv    | Entered an ice cave
 16488 | IceCv    | Found the +3 pair of seven-league boots {Rampage+∞}
 16527 | IceCv    | Found an ancient bone altar of Kikubaaqudgha.
 16562 | IceCv    | Received a gift from Trog
 16597 | IceCv    | Identified the ring "Jankamiu" {Ice Contam Will+++ Dex+3}
 16675 | IceCv    | Noticed a lich
 16689 | IceCv    | Killed a lich
 16690 | IceCv    | Reached skill level 21 in Axes
 16955 | Shoals:1 | Identified Roxanne's Almanac of Stones
 16955 | Shoals:1 | Noticed Roxanne
 16982 | Shoals:1 | Killed Roxanne
 17016 | Shoals:1 | Found a shimmering blue altar of Sif Muna.
 17221 | Shoals:2 | Received a gift from Trog
 17261 | Shoals:2 | Found Woev's Antique Weapon Shoppe.
 17287 | Shoals:2 | Noticed Jorgrun
 17313 | Shoals:2 | Killed Jorgrun
 17411 | Shoals:2 | Found Adueha Cagu's Armour Shoppe.
 17440 | Shoals:2 | Found a flickering gateway to a bazaar.
 17470 | Bazaar   | Entered a bazaar
 17473 | Bazaar   | Found Nunnibri's Weapon Shop.
 17486 | Bazaar   | Found Wisomiopn's Assorted Antiques.
 17507 | Bazaar   | Found Luntoeco's Jewellery Shop.
 17520 | Bazaar   | Found Ukhu's Magic Scroll Boutique.
 17543 | Bazaar   | Bought an amulet of reflection for 570 gold pieces
 17811 | Shoals:3 | Reached skill level 22 in Axes
 17811 | Shoals:3 | Reached skill level 10 in Evocations
 18280 | Shoals:4 | Entered Level 4 of the Shoals
 18376 | Shoals:4 | Reached XP level 17. HP: 163/163 MP: 10/10
 18540 | Shoals:4 | Noticed Mara
 18547 | Shoals:4 | Reached skill level 23 in Axes
 18552 | Shoals:4 | Noticed adizb's illusion
 18623 | Shoals:4 | Killed Mara
 18696 | Shoals:4 | Got a barnacled rune of Zot
 19094 | Spider:1 | Entered Level 1 of the Spider Nest
 19229 | Spider:1 | Identified the +10 bardiche of Ravage {drain, rPois Dex+6}
 19229 | Spider:1 | Noticed Rupert
 19246 | Spider:1 | Killed Rupert
 19270 | Spider:1 | Gained mutation: You passively map a large area around you.
                  | [Deep Dwarf growth]
 19270 | Spider:1 | Reached XP level 18. HP: 138/164 MP: 8/11
 19829 | Spider:2 | Found a runed translucent gate.
 19829 | Spider:2 | Found a runed translucent gate.
 19829 | Spider:2 | Found a runed translucent gate.
 19829 | Spider:2 | Noticed Honosyedgha's ghost (adept GrBe)
 19858 | Spider:2 | Killed Honosyedgha's ghost
 19863 | Spider:2 | Identified the +2 scale mail "Naclur" {rElec rF+ Str+4}
 20319 | Spider:3 | Received a gift from Trog
 20538 | Spider:4 | Entered Level 4 of the Spider Nest
 20561 | Spider:4 | Reached XP level 19. HP: 180/182 MP: 12/12
 20566 | Spider:4 | Noticed Mlioglotl
 20575 | Spider:4 | Killed Mlioglotl
 20655 | Spider:4 | Noticed Arachne
 20666 | Spider:4 | Killed Arachne
 20684 | Spider:4 | Reached skill level 24 in Axes
 21282 | Spider:4 | Noticed Agnes
 21291 | Spider:4 | Killed Agnes
 21386 | Spider:4 | Got a gossamer rune of Zot
 21665 | Slime:1  | Entered Level 1 of the Pits of Slime
 21753 | Slime:1  | Gained mutation: You are frail. (-10% HP) [a shining eye]
 21977 | Elf:1    | Entered Level 1 of the Elven Halls
 22191 | Elf:1    | Identified the +0 robe of the Orcish Mines {Harm rPois rC-
                  | rN+}
 22291 | Elf:1    | Noticed Azrael
 22303 | Elf:1    | Killed Azrael
 22532 | Elf:1    | Identified the ring of Eternal Harmony {Drain rPois Int+2
                  | Dex+4 Slay+4}
 22570 | Elf:1    | Reached skill level 15 in Fighting
 23005 | Elf:2    | Reached XP level 20. HP: 174/174 MP: 13/13
 23385 | Elf:2    | Received a gift from Trog
 23552 | Elf:2    | Found a runed translucent gate.
 23552 | Elf:2    | Found a runed translucent gate.
 23552 | Elf:2    | Found a runed translucent gate.
 23601 | Elf:2    | Reached skill level 15 in Evocations
 23703 | Elf:2    | Reached skill level 25 in Axes
 23872 | Elf:3    | Entered Level 3 of the Elven Halls
 23923 | Elf:3    | Noticed Nikola
 23946 | Elf:3    | Killed Nikola
 24452 | Elf:3    | Identified the amulet "Juqogg" {rElec rF+ Will+ Regen+
                  | Str+4}
 24458 | Elf:3    | Identified the +3 scale mail of Cocytus {rC- Dex+4}
 24468 | Elf:3    | Gained mutation: You are agile. (Dex +2) [a cacodemon]
 24488 | Elf:3    | Identified the +1 chain mail "Orur" {Will+}
 24515 | Elf:3    | Identified the +2 falchion of Zicw {venom, *Rage Str+6}
 24535 | Elf:3    | Received a gift from Trog
 24558 | Elf:3    | Identified the +5 quarterstaff of Wu Jian's Favour {venom,
                  | Dex+3}
 25030 | Slime:1  | Gained mutation: You are dopey. (Int -2) [a shining eye]
 25034 | Slime:1  | Gained mutation: You sometimes lose the ability to read
                  | scrolls when taking damage. [a shining eye]
 25040 | Slime:1  | Gained mutation: Your body sometimes deteriorates upon
                  | taking damage. [a shining eye]
 25060 | Slime:1  | Lost mutation: Your body sometimes deteriorates upon taking
                  | damage. [potion of mutation]
 25060 | Slime:1  | Lost mutation: You are frail. (-10% HP) [potion of
                  | mutation]
 25060 | Slime:1  | Lost mutation: You are agile. (Dex +2) [potion of mutation]
 25060 | Slime:1  | Gained mutation: Armour fits poorly on your strangely
                  | shaped body. [potion of mutation]
 25060 | Slime:1  | Gained mutation: Your spells are a little harder to cast,
                  | but a little more powerful. [potion of mutation]
 25061 | Slime:1  | Lost mutation: Armour fits poorly on your strangely shaped
                  | body. [potion of mutation]
 25061 | Slime:1  | Lost mutation: Your spells are a little harder to cast, but
                  | a little more powerful. [potion of mutation]
 25061 | Slime:1  | Lost mutation: You sometimes lose the ability to read
                  | scrolls when taking damage. [potion of mutation]
 25130 | Slime:3  | Noticed Dissolution
 25132 | Slime:3  | Gained mutation: Your body sometimes deteriorates upon
                  | taking damage. [a shining eye]
 25143 | Slime:3  | Paralysed by a floating eye for 2 turns
 25147 | Slime:3  | Lost mutation: You are dopey. (Int -2) [a shining eye]
 25158 | Slime:3  | Killed Dissolution
 25169 | Slime:3  | You are sucked into a shaft and drop 1 floor!
 25185 | Slime:4  | Reached XP level 21. HP: 196/205 MP: 13/13
 25229 | Slime:5  | Entered Level 5 of the Pits of Slime
 25705 | Slime:5  | Found a viscous altar of Jiyva.
 25706 | Slime:5  | Found the dreamshard necklace {*Dream Drain}
 25763 | Slime:5  | Noticed the Royal Jelly
 25811 | Slime:5  | HP: 5/206 [rockslime[the Royal Jelly] (16)]
 25816 | Slime:5  | Mangled by a rockslime

Illustrated notes

Levels and vault maps discovered:
D:1:      lightli_arrival_farm, layout_basic
D:2:      layout_loops_cross, basic_altar, minmay_misc_feat_plants, uniq_jessica
D:3:      layout_basic, pf_guarded_unrand_woodcutter
D:4:      layout_layer_cave, portal_sewer_entry_b, moated_statue, minmay_cut_off
D:5:      layout_rooms, minmay_temple_entry_grid, serial_shops,
          nicolae_shop_crystal, kennysheep_generic_room_13
D:6:      layout_basic, trog_ov_bears_minmay, serial_shops,
          nicolae_shop_behind_doors, nicolae_shop_trees, kennysheep_little_box,
          nicolae_inconvenience_store, gammafunk_ghost_arena, minmay_ruffians,
          uniq_menkaure
D:7:      layout_gridville, serial_shops, shop, serial_bayou_ford_a
D:8:      layout_gridville, uniq_maurice
D:9:      layout_stronghold, orc_david_3
D:10:     kennysheep_big_flooded_room, layout_basic, minmay_misc_feat_iff
D:11:     layout_gridville, lair_entry_dummy, nicolae_trove_entry_free_sample
D:12:     layout_cave_pods, minmay_misc_feat_rows
D:13:     layout_layer_cave, david_vaults_3, disabler_island
D:14:     layout_cave_pools, uniq_josephine
D:15:     gammafunk_depths_entry_grave, layout_cave_pools,
          minmay_splitting_lines, serial_shops, shop, shop, shop
Lair:1:   layout_gridlike, grunt_megastairs_3, serial_bayou_shore_a,
          infiniplex_staircase_pool_2, uniq_grum
Lair:2:   layout_regular_city, elwin_shoals_entry_rocks, lemuel_fruit_fields,
          serial_bayou_shore_b
Lair:3:   layout_misc_corridors, gammafunk_ghost_grave, grunt_megastairs_4,
          lemuel_fruit_fields
Lair:4:   layout_layer_cave, spider_nest_entry_webs, lemuel_fruit_fields,
          lemuel_fruit_fields, grunt_megastairs_2, lemuel_fruit_fields
Lair:5:   layout_loops_ring, slime_altar_1, nzn_ghost_randoct, st_stairs_8,
          chequers_serial_rivers_marsh, nicolae_lair_yak_garden
Lair:6:   minmay_lair_end_enchanted_forest, layout_cave_pods,
          grunt_megastairs_1, lemuel_fruit_fields
Shoals:1: layout_shoals, portal_ice_cave_entry_pillars_1, lemuel_centaur_altar,
          uniq_donald, uniq_roxanne
Shoals:2: layout_shoals, serial_shops, bzr_entry_dummy, nicolae_shop_stone,
          shop, uniq_jorgrun
Shoals:3: layout_shoals
Shoals:4: shoals_end_hellmonk_lost_city, uniq_mara
Spider:1: layout_spider_delve, uniq_rupert
Spider:2: layout_spider_delve, ebering_ghost_rock_garden,
          nicolae_spider_circle_web
Spider:3: layout_spider_delve
Spider:4: floodkiller_spider_rune_tomb, uniq_arachne, uniq_agnes, uniq_mlioglotl
Slime:1:  layout_caves
Slime:2:  layout_caves
Slime:3:  layout_caves, uniq_dissolution
Slime:4:  layout_caves
Slime:5
Orc:1:    layout_diamond_mine, uniq_sonja
Orc:2:    grunt_orc_cross, layout_caves
Elf:1:    minmay_elf_arrival_plus, layout_loops_corners, evilmike_minifort,
          uniq_azrael
Elf:2:    nicolae_elf_blades_crystal_corner, layout_loops_corners
Elf:3:    elf_hall_gauntlet_narrow, layout_loops_ring, uniq_nikola

Skill      XL: |  1  2  3  4  5  6  7  8  9 10 11 12 13 14 15 16 17 18 19 20 21 |
---------------+----------------------------------------------------------------+-----
Fighting       | 3 4 5 6 7 8 9 10 11 12 13 14 15 16 | 16.4
Axes           | 4 5 6 7 9 11 12 14 15 17 18 20 22 23 24 25 | 25.7
Armour         | 3 4 5 6 7 9 10 11 13 14 16 18 19 20 21 | 21.6
Dodging        | 3 5 6 8 9 11 12 13 | 13.9
Evocations     | 5 8 10 13 14 15 16 | 16.0

Action                   |  1- 3 |  4- 6 |  7- 9 | 10-12 | 13-15 | 16-18 | 19-21 || total
-------------------------+-------+-------+-------+-------+-------+-------+-------++-------
Melee: Hand axe          |    86 |    38 |       |       |       |       |       ||   124
       War axe           |       |    31 |   276 |    51 |       |       |       ||   358
       Punch             |       |     1 |     3 |       |       |       |       ||     4
       Executioner's axe |       |       |       |   405 |   422 |    12 |     8 ||   847
       Battleaxe         |       |       |       |       |   347 |  1081 |  1352 ||  2780
Throw: Dart              |       |       |       |     5 |       |       |       ||     5
       Throwing net      |       |       |       |       |       |     2 |       ||     2
Invok: Trog's Hand       |       |     3 |    15 |    35 |    45 |    32 |    39 ||   169
       Berserk           |       |     1 |     2 |    11 |     6 |     1 |       ||    21
       Brothers in Arms  |       |       |       |       |     4 |     3 |    10 ||    17
 Abil: Heal Wounds       |     2 |     1 |       |     8 |    11 |     8 |    12 ||    42
Evoke: Wand              |       |       |     2 |       |       |       |     9 ||    11
       Box of beasts     |       |       |       |     1 |       |     1 |     2 ||     4
       Phantom mirror    |       |       |       |       |       |     1 |     1 ||     2
       Condenser vane    |       |       |       |       |       |       |     1 ||     1
  Use: Scroll            |       |     1 |    11 |    14 |    12 |     5 |    13 ||    56
       Potion            |       |       |       |       |     2 |     5 |    16 ||    23
 Stab: Paralysed         |       |       |     2 |       |       |       |       ||     2
       Distracted        |       |       |       |     2 |     6 |       |     3 ||    11
       Petrifying        |       |       |       |       |     1 |       |       ||     1
       Held in net/web   |       |       |       |       |       |     2 |       ||     2
       Invisible         |       |       |       |       |       |       |     4 ||     4
Armor: Animal skin       |    20 |       |       |       |       |       |       ||    20
       Ring mail         |       |    11 |    23 |       |       |       |       ||    34
       Plate armour      |       |       |   107 |   409 |   590 |   814 |   904 ||  2824
Dodge: Dodged            |    56 |    38 |   110 |   336 |   489 |   562 |   611 ||  2202
Block: Other             |       |       |       |       |       |   153 |   244 ||   397
       Reflection        |       |       |       |       |       |    14 |    14 ||    28
